AoeStats
← Ahtkel

Arena

510418625Analyzed
1v1 RM · 2d ago on Sep 30, 2026· 46m 58s· 2 players
Game mode
Random Map
Map size
Tiny (2 player)
Population
200
Speed
Normal
Resources
Standard
Victory
Conquest
Starting age
Dark Age
Ending age
Imperial Age
RankedLock teamsTeams togetherTeam positionsShared explorationLock speedFull tech treeHidden civsTurbo modeCheats
Victory
Defeat
🇲🇽 Spanish · Mexico
864
+16
🇧🇷 Mapuche · Brazil
859
-16
LP9
9:13 Feudal Age
16:21 Castle Age
15:06 Double-Bit Axe
15:09 Horse Collar
16:55 Loom
17:30 Bow Saw
17:28 Heavy Plow
19:32 Elite Skirmisher
21:07 Fletching
22:47 Bodkin Arrow
24:00 Pikeman
26:14 Wheelbarrow
31:26 Imperial Age
29:39 Forging
30:38 Town Watch
35:20 Scale Mail Armor
36:53 Halberdier
38:13 Iron Casting
38:57 Ballistics
38:49 Masonry
39:40 Chemistry
40:25 Blast Furnace
40:34 Hand Cart
41:27 Conscription
41:19 Malon
42:08 Crop Rotation
44:21 Murder Holes
44:21 Heavy Scorpion
45:41 Padded Archer Armor
46:40 Chain Mail Armor
Ahtkel
9:55 Loom
12:51 Feudal Age
16:49 Castle Age
15:03 Double-Bit Axe
23:57 Bloodlines
24:33 Horse Collar
25:18 Scale Barding Armor
25:18 Town Watch
25:30 Town Watch
27:07 Wheelbarrow
27:10 Husbandry
29:44 Bow Saw
29:35 Heavy Plow
33:21 Imperial Age
33:27 Imperial Age
33:06 Forging
36:21 Chemistry
35:42 Ballistics
36:26 Conscription
35:38 Man-at-Arms
36:03 Gambesons
36:19 Squires
36:59 Chain Barding Armor
36:42 Long Swordsman
37:24 Scale Mail Armor
37:59 Iron Casting
37:46 Hand Cart
37:42 Cavalier
39:13 Masonry
40:28 Paladin
40:46 Two-Handed Swordsman
44:02 Blast Furnace
43:38 Plate Barding Armor
43:53 Champion
45:08 Chain Mail Armor
46:24 Architecture
46:34 Conscription
46:31 Fletching
Connection lost

Rejoining the realm…

Still unreachable

The connection could not be restored.

Session expired

The server has moved on; the page needs a fresh start.